Workbook
Name ACTIVITY: Титульный!$E$16
Name chkGetUpdatesValue: Инструкция!$AA$95
Name chkNoUpdatesValue: Инструкция!$AA$97
Name code: Инструкция!$B$2
Name COMS_ADD_HL_MARKER: Комментарии!$F$10
Name COMS_ADD_RANGE: et_union!$42:$42
Name COMS_DELETE_COLUMN_MARKER: Комментарии!$D$8
Name COMS_NUM_COLUMN_MARKER: Комментарии!$E$8
Name DATA_URL: modReestr!$A$2
Name EFFECT_ADD: et_union!$30:$32
Name EFFECT_ADD_HL_MARKER: Эффект!$G$41
Name EFFECT_ADD_M: et_union!$36:$38
Name EFFECT_ADD_MARKER: 'Реестр мероприятий'!$K$10
Name EFFECT_ADD_RANGE: et_union!$40:$40
Name EFFECT_DELETE_COLUMN_MARKER: Эффект!$E$10
Name EFFECT_DELETE_COLUMN_MARKER_3: Эффект!$K$11
Name EFFECT_NUM_COLUMN_MARKER_3: Эффект!$L$11
Name ENERGY_DIAGNOSTICS_CYAN: Энергообследование!$D$11,Энергообследование!$D$13,Энергообследование!$D$15:$D$16,Энергообследование!$D$18:$D$19
Name ENERGY_DIAGNOSTICS_DATA: Энергообследование!$D$20:$D$21
Name ENERGY_DIAGNOSTICS_LINK: Энергообследование!$D$23
Name FIN_COL: 'Финансовое обеспечение'!$M$2
Name FINANCICAL_ADD: et_union!$13:$15
Name FINANCICAL_ADD_HL_MARKER: 'Финансовое обеспечение'!$G$40
Name FINANCICAL_ADD_M: et_union!$20:$22
Name FINANCICAL_ADD_MARKER: 'Реестр мероприятий'!$L$10
Name FINANCICAL_ADD_RANGE: et_union!$26:$26
Name FINANCICAL_DELETE_COLUMN_MARKER: 'Финансовое обеспечение'!$E$10
Name FINANCICAL_DELETE_COLUMN_MARKER_3: 'Финансовое обеспечение'!$K$11:$K$11
Name FINANCICAL_NUM_COLUMN_MARKER_3: 'Финансовое обеспечение'!$L$11
Name FirstLine: Инструкция!$A$6
Name god: Титульный!$E$8
Name ID: Титульный!$A$11
Name INN: Титульный!$E$12
Name Instr_1: Инструкция!$7:$19
Name Instr_2: Инструкция!$20:$34
Name Instr_3: Инструкция!$35:$45
Name Instr_4: Инструкция!$46:$57
Name Instr_5: Инструкция!$58:$69
Name Instr_6: Инструкция!$70:$75
Name Instr_7: Инструкция!$76:$92
Name Instr_8: Инструкция!$93:$107
Name KPP: Титульный!$E$13
Name LINK_RANGE: modReestr!$B$5
Name list_docs: TEHSHEET!$I$2:$I$3
Name list_istfin: TEHSHEET!$H$2:$H$8
Name list_kvartal: TEHSHEET!$F$2:$F$5
Name list_logic: TEHSHEET!$C$2:$C$3
Name list_obsled: TEHSHEET!$G$2:$G$3
Name list_pf: TEHSHEET!$E$2:$E$3
Name list_year: TEHSHEET!$D$2:$D$27
Name List00_contacts: Титульный!$E$25:$E$28
Name List00_hide1: Титульный!$30:$36
Name LOAD_COMS: Комментарии!$F$9:$F$10
Name MONTH: Титульный!$E$9
Name NAME_POC: Эффект!$M$8
Name ORG: Титульный!$E$11
Name pbStartPageNumber: 1
Name pbUpdatePageNumbering: TRUE
Name PF_TYPE: Титульный!$E$7
Name POK_VIS0: Показатели!$B$2

Sheet modHTTP

Sheet Инструкция
AA1: (требуется обновление)
B2: ="Код шаблона: " & GetCode() -> Код шаблона: PROG.EEF
B3: ="Версия " & GetVersion() -> Версия 1.0.1
B5: =Титульный!D3 -> Программы энергосбережения и повышения энергоэффективности
E7: • На рабочем месте должен быть установлен MS Office 2007 SP3, 2010, 2013, 2016 с полной версией MS Excel • Макросы во время работы должны быть включены (!) • Для корректной работы отчёта требуется выбрать низкий уровень безопасности (Параметры Excel | Центр управления безопасностью | Параметры центра управления безопасностью | Параметры макросов | Включить все макросы | ОК)
E14: • При работе в формате XLSB заметно быстрее происходит сохранение файла, а также уменьшается размер по сравнению с форматами XLS и XLSM • Не рекомендуется снимать защиту с листов и каким-либо образом модифицировать защищаемые формулы и расчётные поля, в противном случае, отчёт будет отклонён системой • При сохранении не следует выбирать формат XLSX (Книга Excel), так как в указанном формате макросы, необходимые для работы отчёта, безвозвратно удаляются
E21: A | F21: - предназначенные для заполнения | O21: A | P21: - ссылки и автозаполняемые поля
E22: A | F22: - с формулами и константами | O22: A | P22: - обязательные для заполнения
E35: Если в предложенном Вам списке необходимая организация, МР/МО отсутствуют, обновите реестры с помощью кнопок В результате синхронизации с базой данных список организаций (МР/МО) будет заменён актуальным (механизм синхронизации требует подключения к сети Интернет и основан на использовании протокола HTTPS (TCP порт 443)) Если после обновления Вам не удалось найти необходимую организацию в списке, обратитесь к ответственному за поддержание реестра Вашего региона.
E46: • При сохранении отчёта осуществляется проверка корректности данных, в том числе на наличие значений в полях, обязательных для заполнения • Если значение не удовлетворяет условию проверки, на лист «Проверка» добавляется гиперссылка на данное поле и указывается причина ошибки • В колонке «Статус» для каждого сообщения возможны 2 значения: ошибка и предупреждение • При наличии сообщений со статусом «Ошибка» отчёт будет отклонён системой и не будет загружен в хранилище данных, сообщения со статусом «Предупреждение» носят информационный характер, и такой отчёт будет принят системой
E59: Обратиться в службу поддержки
E60: Инструкция по загрузке документов
E61: База знаний
E63: Инструкция к шаблону
E77: Обратиться в службу поддержки
E82: Инструкция к шаблону
E93: При наличии подключения к Интернет, можно автоматически проверять наличие доступных обновлений. Выберите способ оповещения о наличии обновлений для отчёта:
F95: проверять доступные обновления (рекомендуется) | AA95: y
F97: никогда не проверять наличие обновлений (не рекомендуется)

Sheet Лог обновления
A1: Дата/Время | B1: Сообщение | C1: Статус
A3: 44291.573 | B3: Проверка доступных обновлений... | C3: Информация
A4: 44291.573 | B4: Нет доступных обновлений для отчёта с кодом PROG.EEF! | C4: Информация
A5: 44291.576 | B5: Проверка доступных обновлений... | C5: Информация
A6: 44291.576 | B6: Нет доступных обновлений для отчёта с кодом PROG.EEF! | C6: Информация
A7: 44291.579 | B7: Проверка доступных обновлений... | C7: Информация
A8: 44291.579 | B8: Нет доступных обновлений для отчёта с кодом PROG.EEF! | C8: Информация
A9: 44291.59 | B9: Проверка доступных обновлений... | C9: Информация
A10: 44291.59 | B10: Нет доступных обновлений для отчёта с кодом PROG.EEF! | C10: Информация
A11: 44291.714 | B11: Проверка доступных обновлений... | C11: Информация
A12: 44291.715 | B12: Проверка доступных обновлений... | C12: Информация
A13: 44291.715 | B13: Нет доступных обновлений для отчёта с кодом PROG.EEF! | C13: Информация
A14: 44291.718 | B14: Проверка доступных обновлений... | C14: Информация
... A40: 44396.576 | B40: Нет доступных обновлений для отчёта с кодом PROG.EEF! | C40: Информация

Sheet Титульный
E2: =version -> Версия 1.0.1
D3: Программы энергосбережения и повышения энергоэффективности
D5: Субъект Российской Федерации | E5: Чувашская республика
D7: Тип | E7: Факт
D8: Период | E8: 2021
D9: Квартал | E9: 2 квартал
A11: 26319865 | D11: Наименование организации | E11: МУП "Шумерлинские городские электрические сети"
D12: ИНН | E12: 2125000641
D13: КПП | E13: 212501001
D15: Наличие программы | E15: да
D16: Вид деятельности программ энергоэффективности | E16: Услуги по передаче электрической энергии
D18: Соответствует ли программа требованиям, установленным уполномоченным органом?
D20: Дата проверки на соответствие:
D21: Причина:
D23: Контакты руководителя регулируемой организации
D25: Фамилия, имя, отчество | E25: Петров Анатолий Никонорович
D26: Должность | E26: внешний управляющий
D27: Контактный телефон | E27: 8(83536) 2 15 89
D28: E-mail | E28: elektronet@mail.ru
D30: Контакты сотрудников регулируемой организации, ответственных за разработку программы
D32: Фамилия, имя, отчество | E32: Кощеренков Евгений Александрович
D33: Должность | E33: Главный инженер
D34: Контактный телефон | E34: 8(83536) 2 15 89
D35: Контактный телефон дополнительный (мобильный) | E35: 8(83536) 2 15 89
D36: E-mail | E36: elektronet@mail.ru
D38: Юридический адрес организации | E38: 429120 Чувашская Республика, г. Шумерля, ул. Коммунальная, д.10
D39: Почтовый адрес организации | E39: 429120 Чувашская Республика, г. Шумерля, ул. Коммунальная, д.10
E40: (обновление не выполнялось)

Sheet Программа
H1: =IF(region_name="Самарская область","HIDDEN","VISIBLE") -> VISIBLE | I1: =IF(region_name="Самарская область","HIDDEN","VISIBLE") -> VISIBLE | J1: =IF(region_name="Самарская область","HIDDEN","VISIBLE") -> VISIBLE | K1: =IF(region_name="Самарская область","HIDDEN","VISIBLE") -> VISIBLE
D7: =Титульный!D3 -> Программы энергосбережения и повышения энергоэффективности
C9: № | D9: Название программы | E9: Вид деятельности | F9: Сроки реализации программы | H9: Соответствсвие программы требованиям, установленным уполномоченным органом | K9: Реквизиты документа и дата проверки | L9: Доля затрат в инвестиционной программе, направленная на реализацию мероприятий программы энергосбережения и повышения энергетической эффективности,% | M9: Ссылка на программу | N9: Комментарий
F10: дата начала | G10: дата окончания | H10: Соответствует ли программа требованиям, установленным уполномоченным органом? | I10: Дата проверки на соответствие | J10: Причина
C11: 0
C12: 1 | D12: Программа в области энергосбережения и повышения энергетической эффективности "МУП "Шумерлинские городские электрические сети", осуществляющего регулируемую деятельность в сфере передачи электрической энергии на 2020-2024 годы" | E12: Услуги по передаче электрической энергии | F12: 43831 | G12: 45657 | H12: да | I12: 43717 | K12: Министерство экономического развития, промышленности и торговли Чувашской Республики Приказ № 180 от 09.09.2019 г. | L12: 0 | M12: https://regportal-tariff.ru/disclo/get_file?p_guid=2e7117ce-cb12-4bb6-aa91-70067c093b99
D13: Добавить

Sheet Энергообследование
C7: Энергообследование
C9: Состояние проведения энергообследования | D9: Не проведено
C11: Дата проведения
C13: Наименование организации, проводившей энергообследование
C15: Юридический адрес
C16: Почтовый адрес
C18: ФИО
C19: Должность
C20: Контактный телефон
C21: E-mail
C23: Ссылка на отчёт о проведении энергообследования

Sheet Реестр мероприятий
F8: Программа мероприятий по энергосбережению и повышению энергетической эффективности
F10: № п/п | G10: Наименование мероприятия программы | H10: Дата начала | I10: Дата окончания
D12: 0
D13: 1 | F13: =D13 -> 1 | G13: Услуги по передаче электрической энергии
F14: =F13&".0" -> 1.0
C15: О | E15: О | F15: 1.1 | G15: Оптимизация мест размыкания сетей 6 кВ | H15: 44197 | I15: 44561 | K15: =Эффект!E16 -> О | L15: ='Финансовое обеспечение'!E15 -> О
C16: О | E16: О | F16: 1.2 | G16: Сезонное отключение трансформаторов на 2-х трасформаторных ТП (на4 ТП, с суммарной трансформаторной мощностью 1300кВА | H16: 44197 | I16: 44561 | K16: =Эффект!E19 -> О | L16: ='Финансовое обеспечение'!E18 -> О
C17: О | E17: О | F17: 1.3 | G17: Поддержание оптимального уровня напряжения у потребителей путем переключения отпаек трансформаторов 6/0,4кВ | H17: 44197 | I17: 44561 | K17: =Эффект!E22 -> О | L17: ='Финансовое обеспечение'!E21 -> О
C18: О | E18: О | F18: 1.4 | G18: Выявление и устранение безучетного (бездоговорного) потребления электрической энергии | H18: 44197 | I18: 44561 | K18: =Эффект!E25 -> О | L18: ='Финансовое обеспечение'!E24 -> О
C19: О | E19: О | F19: 1.5 | G19: Выравнивание нагрузок фаз в электросетях 0,4кВ. | H19: 44197 | I19: 44561 | K19: =Эффект!E28 -> О | L19: ='Финансовое обеспечение'!E27 -> О
C20: О | E20: О | F20: 1.6 | G20: Вывод из эксплуатации ТП 6/0,4, предназначенных для электроснабжения законсервированной газовой котельной №15 и центральных тепловых пунктов-ЦТП | H20: 44197 | I20: 44561 | K20: =Эффект!E31 -> О | L20: ='Финансовое обеспечение'!E30 -> О
C21: О | E21: О | F21: 1.7 | G21: Установка светодиодных светильников | H21: 44197 | I21: 44561 | K21: =Эффект!E34 -> О | L21: ='Финансовое обеспечение'!E33 -> О
C22: О | E22: О | F22: 1.8 | G22: Строительство КРУН-6кВ и подключение врезкой в существующую кабельную линию 6кВ №22 от ПС 220/110/6кВ "Венец" | H22: 44197 | I22: 44561 | K22: =Эффект!E37 -> О | L22: ='Финансовое обеспечение'!E36 -> О
G23: Добавить | K23: =Эффект!G40 -> Добавить | L23: ='Финансовое обеспечение'!G39 -> Добавить
G24: Добавить

Sheet Финансовое обеспечение
F8: ='Реестр мероприятий'!F8 -> Программа мероприятий по энергосбережению и повышению энергетической эффективности
F10: № п/п | G10: Наименование мероприятия программы | H10: Дата начала | I10: Дата окончания | J10: Финансовое обеспечение реализации мероприятий
L11: № п/п | M11: Источник | N11: Объем, тыс. руб.
D12: 0
D13: 1 | F13: =D13 -> 1 | G13: Услуги по передаче электрической энергии
C15: О | E15: О | F15: ='Реестр мероприятий'!F15 -> 1.1 | G15: ='Реестр мероприятий'!G15 -> Оптимизация мест размыкания сетей 6 кВ | H15: ='Реестр мероприятий'!H15 -> 44197 | I15: ='Реестр мероприятий'!I15 -> 44561
L16: =F15&".1" -> 1.1.1 | M16: Тариф | N16: 2
M17: Добавить
C18: О | E18: О | F18: ='Реестр мероприятий'!F16 -> 1.2 | G18: ='Реестр мероприятий'!G16 -> Сезонное отключение трансформаторов на 2-х трасформаторных ТП (на4 ТП, с суммарной трансформаторной мощностью 1300кВА | H18: ='Реестр мероприятий'!H16 -> 44197 | I18: ='Реестр мероприятий'!I16 -> 44561
L19: =F18&".1" -> 1.2.1 | M19: Тариф | N19: 7.5
M20: Добавить
C21: О | E21: О | F21: ='Реестр мероприятий'!F17 -> 1.3 | G21: ='Реестр мероприятий'!G17 -> Поддержание оптимального уровня напряжения у потребителей путем переключения отпаек трансформаторов 6/0,4кВ | H21: ='Реестр мероприятий'!H17 -> 44197 | I21: ='Реестр мероприятий'!I17 -> 44561
L22: =F21&".1" -> 1.3.1 | M22: Тариф | N22: 16
M23: Добавить
C24: О | E24: О | F24: ='Реестр мероприятий'!F18 -> 1.4 | G24: ='Реестр мероприятий'!G18 -> Выявление и устранение безучетного (бездоговорного) потребления электрической энергии | H24: ='Реестр мероприятий'!H18 -> 44197 | I24: ='Реестр мероприятий'!I18 -> 44561
L25: =F24&".1" -> 1.4.1 | M25: Тариф | N25: 42
M26: Добавить
C27: О | E27: О | F27: ='Реестр мероприятий'!F19 -> 1.5 | G27: ='Реестр мероприятий'!G19 -> Выравнивание нагрузок фаз в электросетях 0,4кВ. | H27: ='Реестр мероприятий'!H19 -> 44197 | I27: ='Реестр мероприятий'!I19 -> 44561
L28: =F27&".1" -> 1.5.1 | M28: Тариф | N28: 25
M29: Добавить
C30: О | E30: О | F30: ='Реестр мероприятий'!F20 -> 1.6 | G30: ='Реестр мероприятий'!G20 -> Вывод из эксплуатации ТП 6/0,4, предназначенных для электроснабжения законсервированной газовой котельной №15 и центральных тепловых пунктов-ЦТП | H30: ='Реестр мероприятий'!H20 -> 44197 | I30: ='Реестр мероприятий'!I20 -> 44561
L31: =F30&".1" -> 1.6.1 | M31: Тариф | N31: 0
M32: Добавить
C33: О | E33: О | F33: ='Реестр мероприятий'!F21 -> 1.7 | G33: ='Реестр мероприятий'!G21 -> Установка светодиодных светильников | H33: ='Реестр мероприятий'!H21 -> 44197 | I33: ='Реестр мероприятий'!I21 -> 44561
L34: =F33&".1" -> 1.7.1 | M34: Тариф | N34: 12.9
M35: Добавить
C36: О | E36: О | F36: ='Реестр мероприятий'!F22 -> 1.8 | G36: ='Реестр мероприятий'!G22 -> Строительство КРУН-6кВ и подключение врезкой в существующую кабельную линию 6кВ №22 от ПС 220/110/6кВ "Венец" | H36: ='Реестр мероприятий'!H22 -> 44197 | I36: ='Реестр мероприятий'!I22 -> 44561
L37: =F36&".1" -> 1.8.1 | M37: Тариф | N37: 230.284
M38: Добавить
G39: Добавить
G40: Добавить

Sheet Эффект
F8: ='Финансовое обеспечение'!F8 -> Программа мероприятий по энергосбережению и повышению энергетической эффективности
F10: № п/п | G10: Наименование мероприятия программы | H10: Дата начала | I10: Дата окончания | J10: =IF(PF_TYPE="План","Ожидаемый эффект от мероприятий","Полученный эффект от мероприятий") -> Полученный эффект от мероприятий
L11: № п/п | M11: Целевой показатель | N11: Единица измерения | O11: Значение экономии
O12: численное значение в указанной размерности | P12: численное значение, тыс. руб.
D13: 0
D14: 1 | F14: =D14 -> 1 | G14: Услуги по передаче электрической энергии
C16: О | E16: О | F16: ='Реестр мероприятий'!F15 -> 1.1 | G16: ='Реестр мероприятий'!G15 -> Оптимизация мест размыкания сетей 6 кВ | H16: ='Реестр мероприятий'!H15 -> 44197 | I16: ='Реестр мероприятий'!I15 -> 44561
K17: О | L17: =F16&".1" -> 1.1.1 | M17: Снижение потерь электрической энергии в сетях | N17: кВт.ч, % | O17: 0.088 | P17: 73.01
M18: Добавить
C19: О | E19: О | F19: ='Реестр мероприятий'!F16 -> 1.2 | G19: ='Реестр мероприятий'!G16 -> Сезонное отключение трансформаторов на 2-х трасформаторных ТП (на4 ТП, с суммарной трансформаторной мощностью 1300кВА | H19: ='Реестр мероприятий'!H16 -> 44197 | I19: ='Реестр мероприятий'!I16 -> 44561
K20: О | L20: =F19&".1" -> 1.2.1 | M20: Снижение потерь электрической энергии в сетях | N20: кВт.ч, % | O20: 0.026 | P20: 21.426
M21: Добавить
C22: О | E22: О | F22: ='Реестр мероприятий'!F17 -> 1.3 | G22: ='Реестр мероприятий'!G17 -> Поддержание оптимального уровня напряжения у потребителей путем переключения отпаек трансформаторов 6/0,4кВ | H22: ='Реестр мероприятий'!H17 -> 44197 | I22: ='Реестр мероприятий'!I17 -> 44561
K23: О | L23: =F22&".1" -> 1.3.1 | M23: Снижение потерь электрической энергии в сетях | N23: кВт.ч, % | O23: 0.453 | P23: 374.347
M24: Добавить
C25: О | E25: О | F25: ='Реестр мероприятий'!F18 -> 1.4 | G25: ='Реестр мероприятий'!G18 -> Выявление и устранение безучетного (бездоговорного) потребления электрической энергии | H25: ='Реестр мероприятий'!H18 -> 44197 | I25: ='Реестр мероприятий'!I18 -> 44561
K26: О | L26: =F25&".1" -> 1.4.1 | M26: Снижение потерь электрической энергии в сетях | N26: кВт.ч, % | O26: 0.216 | P26: 178.8
M27: Добавить
C28: О | E28: О | F28: ='Реестр мероприятий'!F19 -> 1.5 | G28: ='Реестр мероприятий'!G19 -> Выравнивание нагрузок фаз в электросетях 0,4кВ. | H28: ='Реестр мероприятий'!H19 -> 44197 | I28: ='Реестр мероприятий'!I19 -> 44561
K29: О | L29: =F28&".1" -> 1.5.1 | M29: Снижение потерь электрической энергии в сетях | N29: кВт.ч, % | O29: 0.053 | P29: 43.917
M30: Добавить
C31: О | E31: О | F31: ='Реестр мероприятий'!F20 -> 1.6 | G31: ='Реестр мероприятий'!G20 -> Вывод из эксплуатации ТП 6/0,4, предназначенных для электроснабжения законсервированной газовой котельной №15 и центральных тепловых пунктов-ЦТП | H31: ='Реестр мероприятий'!H20 -> 44197 | I31: ='Реестр мероприятий'!I20 -> 44561
K32: О | L32: =F31&".1" -> 1.6.1 | M32: Снижение потерь электрической энергии в сетях | N32: кВт.ч, % | O32: 0.102 | P32: 84.707
M33: Добавить
C34: О | E34: О | F34: ='Реестр мероприятий'!F21 -> 1.7 | G34: ='Реестр мероприятий'!G21 -> Установка светодиодных светильников | H34: ='Реестр мероприятий'!H21 -> 44197 | I34: ='Реестр мероприятий'!I21 -> 44561
K35: О | L35: =F34&".1" -> 1.7.1 | M35: Снижение расхода электрической энергии на собственные нужды | N35: кВт.ч, % | O35: 0 | P35: 0
M36: Добавить
C37: О | E37: О | F37: ='Реестр мероприятий'!F22 -> 1.8 | G37: ='Реестр мероприятий'!G22 -> Строительство КРУН-6кВ и подключение врезкой в существующую кабельную линию 6кВ №22 от ПС 220/110/6кВ "Венец" | H37: ='Реестр мероприятий'!H22 -> 44197 | I37: ='Реестр мероприятий'!I22 -> 44561
K38: О | L38: =F37&".1" -> 1.8.1 | M38: Снижение потерь электрической энергии в сетях | N38: кВт.ч, % | O38: 0 | P38: 0
M39: Добавить
G40: Добавить
G41: Добавить

Sheet Показатели
I1: =IF(OR(AND(region_name="Самарская область",PF_TYPE="Факт"),AND(PF_TYPE="Факт",MONTH="4 квартал")),"VISIBLE","HIDDEN") -> HIDDEN | J1: =IF(PF_TYPE="Факт","VISIBLE","HIDDEN") -> VISIBLE | K1: =IF(AND(J1="VISIBLE",I1="VISIBLE"),"VISIBLE","HIDDEN") -> HIDDEN
B2: =IF(PF_TYPE="Факт","VISIBLE","HIDDEN") -> VISIBLE
F6: Натуральные показатели
F8: № п/п | G8: Наименование показателя | H8: Единица измерения | I8: Значение | L8: Комментарий
I9: План | J9: Факт | K9: Отклонение
A10: =IF( ISNUMBER(SEARCH($G$10,ACTIVITY)),"VISIBLE","HIDDEN") -> HIDDEN | F10: 1 | G10: Производство тепловой энергии
A11: =IF( ISNUMBER(SEARCH($G$10,ACTIVITY)),"VISIBLE","HIDDEN") -> HIDDEN | D11: 1 | F11: 1.1. | G11: Удельный расход топлива на производство единицы тепловой энергии, отпускаемой с коллекторов источников тепловой энергии | H11: кг.у.т./Гкал | K11: =I11-J11 -> 0
A12: =IF(OR(ISNUMBER(SEARCH({"Услуги по передаче тепловой энергии","Передача тепловой энергии"},ACTIVITY))),"VISIBLE","HIDDEN") -> HIDDEN | D12: 2 | F12: 2 | G12: Услуги по передаче тепловой энергии
A13: =IF(OR(ISNUMBER(SEARCH({"Услуги по передаче тепловой энергии","Передача тепловой энергии"},ACTIVITY))),"VISIBLE","HIDDEN") -> HIDDEN | D13: 3 | F13: 2.1. | G13: Величина технологических потерь при передаче тепловой энергии, теплоносителя по тепловым сетям | H13: Гкал | K13: =I13-J13 -> 0
A14: =IF(OR(ISNUMBER(SEARCH({"Услуги по передаче тепловой энергии","Передача тепловой энергии"},ACTIVITY))),"VISIBLE","HIDDEN") -> HIDDEN | D14: 4 | F14: 2.2. | G14: Отношение величины технологических потерь тепловой энергии, теплоносителя к материальной характеристике тепловой сети | H14: Гкал/кв. м | K14: =I14-J14 -> 0
A15: =IF(ISNUMBER(SEARCH($G$15,ACTIVITY)),"VISIBLE","HIDDEN") -> HIDDEN | D15: 5 | F15: 3 | G15: Производство и передача тепловой энергии
A16: =IF(ISNUMBER(SEARCH($G$15,ACTIVITY)),"VISIBLE","HIDDEN") -> HIDDEN | D16: 6 | F16: 3.1. | G16: Удельный расход топлива на производство единицы тепловой энергии, отпускаемой с коллекторов источников тепловой энергии | H16: кг.у.т./Гкал | K16: =I16-J16 -> 0
A17: =IF(ISNUMBER(SEARCH($G$15,ACTIVITY)),"VISIBLE","HIDDEN") -> HIDDEN | D17: 7 | F17: 3.2. | G17: Величина технологических потерь при передаче тепловой энергии, теплоносителя по тепловым сетям | H17: Гкал | K17: =I17-J17 -> 0
A18: =IF(ISNUMBER(SEARCH($G$15,ACTIVITY)),"VISIBLE","HIDDEN") -> HIDDEN | D18: 8 | F18: 3.3. | G18: Отношение величины технологических потерь тепловой энергии, теплоносителя к материальной характеристике тепловой сети | H18: Гкал/кв. м | K18: =I18-J18 -> 0
A19: =IF(OR(ISNUMBER(SEARCH({"Производство электрической и тепловой энергии в режиме комбинированной выработки","Производство тепловой энергии, производимой в режиме комбинированной выработки"},ACTIVITY))),"VISIBLE","HIDDEN") -> HIDDEN | D19: 9 | F19: 4 | G19: Производство электрической и тепловой энергии в режиме комбинированной выработки
A20: =IF(OR(ISNUMBER(SEARCH({"Производство электрической и тепловой энергии в режиме комбинированной выработки","Производство тепловой энергии, производимой в режиме комбинированной выработки"},ACTIVITY))),"VISIBLE","HIDDEN") -> HIDDEN | D20: 10 | F20: 4.1. | G20: Удельный расход топлива на производство единицы тепловой энергии, отпускаемой с коллекторов источников тепловой энергии | H20: кг.у.т./Гкал | K20: =I20-J20 -> 0
A21: =IF(OR(ISNUMBER(SEARCH({"Производство электрической и тепловой энергии в режиме комбинированной выработки","Производство тепловой энергии, производимой в режиме комбинированной выработки"},ACTIVITY))),"VISIBLE","HIDDEN") -> HIDDEN | D21: 11 | F21: 4.2. | G21: Удельный расход условного топлива на отпуск электрической энергии с шин | H21: г.у.т./кВт.ч | K21: =I21-J21 -> 0
A22: =IF(ISNUMBER(SEARCH($G$22,ACTIVITY)),"VISIBLE","HIDDEN") -> VISIBLE | D22: 12 | F22: 5 | G22: Услуги по передаче электрической энергии
A23: =IF(ISNUMBER(SEARCH($G$22,ACTIVITY)),"VISIBLE","HIDDEN") -> VISIBLE | D23: 13 | F23: 5.1. | G23: Потери электрической энергии при ее передаче присоединенным потребителям и смежным сетевым организациям | H23: % | J23: 17.0867 | K23: =I23-J23 -> -17.0867
A24: =IF(OR(ISNUMBER(SEARCH({"Услуги по холодному водоснабжению","Подъем, очистка и транспортировка воды","Транспортировка воды"},ACTIVITY))),"VISIBLE","HIDDEN") -> HIDDEN | F24: 6 | G24: Услуги по холодному водоснабжению
A25: =IF(OR(ISNUMBER(SEARCH({"Услуги по холодному водоснабжению","Подъем, очистка и транспортировка воды","Транспортировка воды"},ACTIVITY))),"VISIBLE","HIDDEN") -> HIDDEN | D25: 1 | F25: 6.1. | G25: Доля потерь воды в централизованных системах водоснабжения при транспортировке в общем объеме воды, поданной в водопроводную сеть | H25: % | K25: =I25-J25 -> 0
A26: =IF(OR(ISNUMBER(SEARCH({"Услуги по холодному водоснабжению","Подъем, очистка и транспортировка воды","Транспортировка воды"},ACTIVITY))),"VISIBLE","HIDDEN") -> HIDDEN | D26: 2 | F26: 6.2. | G26: Удельный расход электрической энергии, потребляемой в технологическом процессе подготовки питьевой воды, на единицу объема воды, отпускаемой в сеть | H26: кВт.ч/ куб. м | K26: =I26-J26 -> 0
A27: =IF(OR(ISNUMBER(SEARCH({"Услуги по холодному водоснабжению","Подъем, очистка и транспортировка воды","Транспортировка воды"},ACTIVITY))),"VISIBLE","HIDDEN") -> HIDDEN | D27: 3 | F27: 6.3. | G27: Удельный расход электрической энергии, потребляемой в технологическом процессе транспортировки питьевой воды, на единицу объема транспортируемой воды | H27: кВт.ч/ куб. м | K27: =I27-J27 -> 0
A28: =IF(OR(ISNUMBER(SEARCH({"Услуги по водоотведению","Прием, транспортировка и очистка сточных вод","Транспортировка стоков","Ливневая канализация"},ACTIVITY))),"VISIBLE","HIDDEN") -> HIDDEN | D28: 4 | F28: 7 | G28: Услуги по водоотведению | K28: =I28-J28 -> 0
A29: =IF(OR(ISNUMBER(SEARCH({"Услуги по водоотведению","Прием, транспортировка и очистка сточных вод","Транспортировка стоков","Ливневая канализация"},ACTIVITY))),"VISIBLE","HIDDEN") -> HIDDEN | D29: 5 | F29: 7.1. | G29: Удельный расход электрической энергии, потребляемой в технологическом процессе очистки сточных вод, на единицу объема очищаемых сточных вод | H29: кВт.ч/ куб. м | K29: =I29-J29 -> 0
A30: =IF(OR(ISNUMBER(SEARCH({"Услуги по водоотведению","Прием, транспортировка и очистка сточных вод","Транспортировка стоков","Ливневая канализация"},ACTIVITY))),"VISIBLE","HIDDEN") -> HIDDEN | F30: 7.2. | G30: Удельный расход электрической энергии, потребляемой в технологическом процессе транспортировки сточных вод, на единицу объема транспортируемых сточных вод | H30: кВт.ч/ куб. м | K30: =I30-J30 -> 0
A31: =IF(ISNUMBER(SEARCH($G$31,ACTIVITY)),"VISIBLE","HIDDEN") -> HIDDEN | F31: 8 | G31: Горячее водоснабжение | K31: =I31-J31 -> 0
A32: =IF(ISNUMBER(SEARCH($G$31,ACTIVITY)),"VISIBLE","HIDDEN") -> HIDDEN | F32: 8.1. | G32: Удельное количество тепловой энергии, расходуемое на подогрев горячей воды | H32: Гкал/куб. м | K32: =I32-J32 -> 0
A33: =IF(OR(ISNUMBER(SEARCH({"Обращение с твердыми коммунальными отходами","Обработка твердых коммунальных отходов","Обезвреживание твердых коммунальных отходов","Захоронение твердых коммунальных отходов"},ACTIVITY))),"VISIBLE","HIDDEN") -> HIDDEN | F33: 9 | G33: Обращение с твердыми коммунальными отходами
A34: =IF(OR(ISNUMBER(SEARCH({"Обращение с твердыми коммунальными отходами","Обработка твердых коммунальных отходов","Обезвреживание твердых коммунальных отходов","Захоронение твердых коммунальных отходов"},ACTIVITY))),"VISIBLE","HIDDEN") -> HIDDEN | F34: 9.1. | G34: Удельный расход топлива транспортными средствами на 1 куб. м утилизируемых (захороненных) твердых коммунальных отходов | H34: т/куб. м | K34: =I34-J34 -> 0
A35: =IF(OR(ISNUMBER(SEARCH({"Обращение с твердыми коммунальными отходами","Обработка твердых коммунальных отходов","Обезвреживание твердых коммунальных отходов","Захоронение твердых коммунальных отходов"},ACTIVITY))),"VISIBLE","HIDDEN") -> HIDDEN | F35: 9.2. | G35: Удельный расход электрической энергии, используемый при оказании услуг по утилизации, обезвреживанию, захоронению твердых коммунальных отходов, на 1 куб. м твердых коммунальных отходов | H35: кВт.ч/куб. м | K35: =I35-J35 -> 0

Sheet Комментарии
E7: Ниже вы можете оставить свои комментарии
E9: 1
F10: Добавить

Sheet Проверка
B2: Результат проверки
B4: Ссылка 1 | C4: Ссылка 2 | D4: Причина | E4: Статус

Sheet et_union
A2: REESTR_ADD | B2: Реестр мероприятий
D3: 1 | F3: =D3 -> 1
F4: =F3&".0" -> 1.0
G5: Добавить
A7: REESTR_ADD_M | B7: Реестр мероприятий
E9: О
A11: FINANCICAL_ADD_M | B11: Финансовое обеспечение
D13: 1 | F13: =D13 -> 1
G15: Добавить
A19: FINANCICAL_ADD_M | B19: Финансовое обеспечение
E20: О
L21: =F20&".1" -> .1
M22: Добавить
A25: FINANCICAL_ADD_RANGE | B25: Финансовое обеспечение
E26: О | K26: О
A28: EFFECT_ADD | B28: Ожидаемый эффект
D30: 1 | F30: =D30 -> 1
G32: Добавить
A35: EFFECT_ADD_M | B35: Ожидаемый эффект
E36: О
K37: О | L37: =F36&".1" -> .1
M38: Добавить
A39: EFFECT_ADD_RANGE | B39: Финансовое обеспечение
K40: О | L40: =F39&".1" -> .1
D42: О | E42: =ROW()-8 -> 34
A45: PROGRAM_ES_ADD_RANGE | B45: Программа ЭС
H46: нет

Sheet TEHSHEET
A1: REGION | B1: month_list | C1: list_logic | D1: list_year | E1: list_pf | F1: list_kvartal | G1: list_obsled | H1: list_istfin | I1: list_docs
A2: Алтайский край | B2: Январь | C2: да | D2: 2015 | E2: План | F2: 1 квартал | G2: Проведено | H2: Тариф | I2: отсутствует
A3: Амурская область | B3: Февраль | C3: нет | D3: 2016 | E3: Факт | F3: 2 квартал | G3: Не проведено | H3: Федеральный бюджет | I3: ссылка на документ
A4: Архангельская область | B4: Март | D4: 2017 | F4: 3 квартал | H4: Региональный бюджет
A5: Астраханская область | B5: Апрель | D5: 2018 | F5: 4 квартал | H5: Муниципальный бюджет
A6: Белгородская область | B6: Май | D6: 2019 | H6: Собственные средства
A7: Брянская область | B7: Июнь | D7: 2020 | H7: Привлеченные средства в рамках трехсторонних договоров
A8: Владимирская область | B8: Июль | D8: 2021 | H8: Без финансирования
A9: Волгоградская область | B9: Август | D9: 2022
A10: Вологодская область | B10: Сентябрь | D10: 2023
A11: Воронежская область | B11: Октябрь | D11: 2024
A12: г.Байконур | B12: Ноябрь | D12: 2025
A13: г. Москва | B13: Декабрь | D13: 2026
A14: г.Санкт-Петербург | D14: 2027
A15: г.Севастополь | D15: 2028
A16: Еврейская автономная область | D16: 2029
A17: Забайкальский край | D17: 2030
A18: Ивановская область | D18: 2031
A19: Иркутская область | D19: 2032
A20: Кабардино-Балкарская республика | D20: 2033
A21: Калининградская область | D21: 2034
A22: Калужская область | D22: 2035
A23: Камчатский край | D23: 2036
A24: Карачаево-Черкесская республика | D24: 2037
A25: Кемеровская область | D25: 2038
... A27: Костромская область | D27: 2040
A28: Краснодарский край
A29: Красноярский край
A30: Курганская область
A31: Курская область
A32: Ленинградская область
A33: Липецкая область
A34: Магаданская область
A35: Московская область
A36: Мурманская область
A37: Ненецкий автономный округ
A38: Нижегородская область
A39: Новгородская область
... A87: Ярославская область

Sheet REESTR_ORG
A1: № | B1: REGION_ID | C1: REGION_NAME | D1: RST_ORG_ID | E1: ORG_NAME | F1: INN_NAME | G1: KPP_NAME | H1: ORG_START_DATE | I1: ORG_END_DATE | J1: VDET_START_DATE | K1: VDET_END_DATE | L1: VDET_NAME | M1: VDET_NAME_LIST | N1: VDET_FULL_NAME_LIST
A2: 1 | B2: 2632 | C2: Чувашская республика | D2: 26354790 | E2: АО "Газпром газораспределение Чебоксары" (Санаторий "Волга") | F2: 2128049998 | G2: 211631001 | J2: 15-09-2008 00:00:00 | L2: производство (некомбинированная выработка)+передача+сбыт | M2: Некомбинированная выработка :: Сбыт :: Передача | N2: /Тепловая энергия/Производство/Некомбинированная выработка :: /Тепловая энергия/Сбыт :: /Тепловая энергия/Передача | O2: WARM
A3: 2 | B3: 2632 | C3: Чувашская республика | D3: 26354795 | E3: АО "Санаторий "Чувашия" | F3: 2129027450 | G3: 213001001 | J3: 15-09-2008 00:00:00 | L3: производство (некомбинированная выработка)+передача+сбыт | M3: Некомбинированная выработка :: Сбыт :: Передача | N3: /Тепловая энергия/Производство/Некомбинированная выработка :: /Тепловая энергия/Сбыт :: /Тепловая энергия/Передача | O3: WARM
A4: 3 | B4: 2632 | C4: Чувашская республика | D4: 26354782 | E4: АО "Чебоксарское ПО им. В.И.Чапаева" | F4: 2130095159 | G4: 213001001 | H4: 08-11-2011 00:00:00 | J4: 08-11-2011 00:00:00 | L4: производство (некомбинированная выработка)+передача+сбыт | M4: Некомбинированная выработка :: Сбыт :: Передача | N4: /Тепловая энергия/Производство/Некомбинированная выработка :: /Тепловая энергия/Сбыт :: /Тепловая энергия/Передача | O4: WARM
A5: 4 | B5: 2632 | C5: Чувашская республика | D5: 26319860 | E5: АО "Чувашхлебопродукт" - филиал Чебоксарский элеватор | F5: 2130092180 | G5: 213043001 | H5: 01-09-2011 00:00:00 | J5: 31-12-2017 00:00:00 | L5: Передача+Сбыт | M5: Сбыт :: Передача | N5: /Тепловая энергия/Сбыт :: /Тепловая энергия/Передача | O5: WARM
A6: 5 | B6: 2632 | C6: Чувашская республика | D6: 26776252 | E6: АО Фирма "Август" | F6: 5046001101 | G6: 210431001 | J6: 15-02-2011 00:00:00 | L6: производство (некомбинированная выработка)+передача+сбыт | M6: Некомбинированная выработка :: Сбыт :: Передача | N6: /Тепловая энергия/Производство/Некомбинированная выработка :: /Тепловая энергия/Сбыт :: /Тепловая энергия/Передача | O6: WARM
A7: 6 | B7: 2632 | C7: Чувашская республика | D7: 28794049 | E7: БУ ЧР "Ибресинский психоневрологический интернат" | F7: 2105002111 | G7: 210501001 | J7: 06-08-2014 00:00:00 | L7: производство (некомбинированная выработка)+передача+сбыт | M7: Некомбинированная выработка :: Сбыт :: Передача | N7: /Тепловая энергия/Производство/Некомбинированная выработка :: /Тепловая энергия/Сбыт :: /Тепловая энергия/Передача | O7: WARM
A8: 7 | B8: 2632 | C8: Чувашская республика | D8: 26433763 | E8: БУ ЧР "Калининский психоневрологический интернат" Минздравсоцразвития Чувашской Республики | F8: 2104002510 | G8: 210401001 | J8: 01-12-2009 00:00:00 | L8: производство (некомбинированная выработка)+передача+сбыт | M8: Некомбинированная выработка :: Сбыт :: Передача | N8: /Тепловая энергия/Производство/Некомбинированная выработка :: /Тепловая энергия/Сбыт :: /Тепловая энергия/Передача | O8: WARM
A9: 8 | B9: 2632 | C9: Чувашская республика | D9: 28546667 | E9: ГУП "Чувашгаз" | F9: 2128017682 | G9: 213001001 | J9: 17-07-2014 00:00:00 | L9: производство (некомбинированная выработка)+передача+сбыт | M9: Некомбинированная выработка :: Сбыт :: Передача | N9: /Тепловая энергия/Производство/Некомбинированная выработка :: /Тепловая энергия/Сбыт :: /Тепловая энергия/Передача | O9: WARM
A10: 9 | B10: 2632 | C10: Чувашская республика | D10: 28546667 | E10: ГУП "Чувашгаз" | F10: 2128017682 | G10: 213001001 | J10: 14-10-2015 00:00:00 | L10: производство (некомбинированная выработка)+передача+сбыт | M10: Некомбинированная выработка :: Сбыт :: Передача | N10: /Тепловая энергия/Производство/Некомбинированная выработка :: /Тепловая энергия/Сбыт :: /Тепловая энергия/Передача | O10: WARM
A11: 10 | B11: 2632 | C11: Чувашская республика | D11: 28546667 | E11: ГУП "Чувашгаз" | F11: 2128017682 | G11: 213001001 | J11: 11-02-2016 00:00:00 | L11: производство (некомбинированная выработка)+передача+сбыт | M11: Некомбинированная выработка :: Сбыт :: Передача | N11: /Тепловая энергия/Производство/Некомбинированная выработка :: /Тепловая энергия/Сбыт :: /Тепловая энергия/Передача | O11: WARM
A12: 11 | B12: 2632 | C12: Чувашская республика | D12: 28546667 | E12: ГУП "Чувашгаз" | F12: 2128017682 | G12: 213001001 | J12: 01-09-2017 00:00:00 | L12: производство (некомбинированная выработка)+передача+сбыт | M12: Некомбинированная выработка :: Сбыт :: Передача | N12: /Тепловая энергия/Производство/Некомбинированная выработка :: /Тепловая энергия/Сбыт :: /Тепловая энергия/Передача | O12: WARM
A13: 12 | B13: 2632 | C13: Чувашская республика | D13: 26808802 | E13: Горьковская дирекция по тепловодоснабжению структурное подразделение Центральной дирекции по тепловодоснабжению - филиала ОАО "РЖД" | F13: 7708503727 | G13: 525745041 | J13: 14-04-2011 00:00:00 | L13: производство (некомбинированная выработка)+передача+сбыт | M13: Некомбинированная выработка :: Сбыт :: Передача | N13: /Тепловая энергия/Производство/Некомбинированная выработка :: /Тепловая энергия/Сбыт :: /Тепловая энергия/Передача | O13: WARM
A14: 13 | B14: 2632 | C14: Чувашская республика | D14: 26776449 | E14: МП "ДЕЗ ЖКХ Ибресинского района" | F14: 2105002961 | G14: 210501001 | J14: 15-02-2011 00:00:00 | L14: производство (некомбинированная выработка)+передача+сбыт | M14: Некомбинированная выработка :: Сбыт :: Передача | N14: /Тепловая энергия/Производство/Некомбинированная выработка :: /Тепловая энергия/Сбыт :: /Тепловая энергия/Передача | O14: WARM
A15: 14 | B15: 2632 | C15: Чувашская республика | D15: 26354777 | E15: МП "УК ЖКХ" МО "г.Канаш Чувашской Республики" | F15: 2123008250 | G15: 212301001 | J15: 15-09-2008 00:00:00 | L15: производство (некомбинированная выработка)+передача+сбыт | M15: Некомбинированная выработка :: Сбыт :: Передача | N15: /Тепловая энергия/Производство/Некомбинированная выработка :: /Тепловая энергия/Сбыт :: /Тепловая энергия/Передача | O15: WARM
A16: 15 | B16: 2632 | C16: Чувашская республика | D16: 31059322 | E16: МП по МТС "Красночетайскагропромснаб" | F16: 2110000617 | G16: 211001001 | J16: 15-10-2018 00:00:00 | L16: производство (некомбинированная выработка)+передача+сбыт | M16: Некомбинированная выработка :: Сбыт :: Передача | N16: /Тепловая энергия/Производство/Некомбинированная выработка :: /Тепловая энергия/Сбыт :: /Тепловая энергия/Передача | O16: WARM
A17: 16 | B17: 2632 | C17: Чувашская республика | D17: 26354772 | E17: МУП "Алатырское ПОК и ТС" | F17: 2122000210 | G17: 212201001 | J17: 15-09-2008 00:00:00 | L17: производство (некомбинированная выработка)+передача+сбыт | M17: Некомбинированная выработка :: Сбыт :: Передача | N17: /Тепловая энергия/Производство/Некомбинированная выработка :: /Тепловая энергия/Сбыт :: /Тепловая энергия/Передача | O17: WARM
... A25: 24 | B25: 2632 | C25: Чувашская республика | D25: 26370830 | E25: МУП "Коммунальные сети города Новочебоксарска" | F25: 2124000310 | G25: 212401001 | J25: 29-10-2015 00:00:00 | L25: Передача | M25: Передача | N25: /Тепловая энергия/Передача | O25: WARM
A26: 25 | B26: 2632 | C26: Чувашская республика | D26: 28977531 | E26: МУП "ОПЖКХ" Порецкого района | F26: 2113003207 | G26: 211301001 | H26: 30-08-2004 00:00:00 | J26: 01-12-2016 00:00:00 | L26: производство (некомбинированная выработка)+передача+сбыт | M26: Некомбинированная выработка :: Сбыт :: Передача | N26: /Тепловая энергия/Производство/Некомбинированная выработка :: /Тепловая энергия/Сбыт :: /Тепловая энергия/Передача | O26: WARM
A27: 26 | B27: 2632 | C27: Чувашская республика | D27: 31218375 | E27: МУП "Тепло плюс" | F27: 2118003232 | G27: 211801001 | J27: 08-11-2018 00:00:00 | L27: Передача+Сбыт | M27: Комбинированная выработка :: Сбыт :: Передача | N27: /Тепловая энергия/Производство/Комбинированная выработка :: /Тепловая энергия/Сбыт :: /Тепловая энергия/Передача | O27: WARM
A28: 27 | B28: 2632 | C28: Чувашская республика | D28: 31218375 | E28: МУП "Тепло плюс" | F28: 2118003232 | G28: 211801001 | J28: 08-11-2018 00:00:00 | L28: производство комбинированная выработка | M28: Комбинированная выработка :: Сбыт :: Передача | N28: /Тепловая энергия/Производство/Комбинированная выработка :: /Тепловая энергия/Сбыт :: /Тепловая энергия/Передача | O28: WARM
A29: 28 | B29: 2632 | C29: Чувашская республика | D29: 31172050 | E29: МУП "Теплосеть" муниципального образования города Чебоксары-столицы Чувашской Республики | F29: 2130201760 | G29: 213001001 | J29: 01-09-2018 00:00:00 | L29: производство (некомбинированная выработка)+передача+сбыт | M29: Некомбинированная выработка :: Сбыт :: Передача | N29: /Тепловая энергия/Производство/Некомбинированная выработка :: /Тепловая энергия/Сбыт :: /Тепловая энергия/Передача | O29: WARM
A30: 29 | B30: 2632 | C30: Чувашская республика | D30: 31172050 | E30: МУП "Теплосеть" муниципального образования города Чебоксары-столицы Чувашской Республики | F30: 2130201760 | G30: 213001001 | J30: 15-12-2018 00:00:00 | L30: Теплоноситель - Сбыт :: Производство :: Передача | M30: Сбыт :: Производство :: Передача | N30: /Теплоноситель/Сбыт :: /Теплоноситель/Производство :: /Теплоноситель/Передача | O30: WARM
A31: 30 | B31: 2632 | C31: Чувашская республика | D31: 31324851 | E31: МУП "Шумерлинское предприятие тепловодоснабжения и водоотведения" | F31: 2125008930 | G31: 212501001 | J31: 16-08-2019 00:00:00 | L31: производство (некомбинированная выработка)+передача+сбыт | M31: Некомбинированная выработка :: Сбыт :: Передача | N31: /Тепловая энергия/Производство/Некомбинированная выработка :: /Тепловая энергия/Сбыт :: /Тепловая энергия/Передача | O31: WARM
A32: 31 | B32: 2632 | C32: Чувашская республика | D32: 31225812 | E32: МУП "Юманайское ЖКХ" | F32: 2118003225 | G32: 211801001 | J32: 28-12-2018 00:00:00 | L32: производство (некомбинированная выработка)+передача+сбыт | M32: Некомбинированная выработка :: Сбыт :: Передача | N32: /Тепловая энергия/Производство/Некомбинированная выработка :: /Тепловая энергия/Сбыт :: /Тепловая энергия/Передача | O32: WARM
A33: 32 | B33: 2632 | C33: Чувашская республика | D33: 31004889 | E33: МУП ЖКУ Мариинско-посадского городского поселения Мариинско-посадского района | F33: 2111002575 | G33: 211101001 | J33: 01-01-2018 00:00:00 | L33: производство (некомбинированная выработка)+передача+сбыт | M33: Некомбинированная выработка :: Сбыт :: Передача | N33: /Тепловая энергия/Производство/Некомбинированная выработка :: /Тепловая энергия/Сбыт :: /Тепловая энергия/Передача | O33: WARM
A34: 33 | B34: 2632 | C34: Чувашская республика | D34: 30955451 | E34: МУП ЖКУ Цивильского городского поселения Цивильского района | F34: 2115005383 | G34: 211501001 | J34: 01-01-2018 00:00:00 | L34: производство (некомбинированная выработка) | M34: Некомбинированная выработка | N34: /Тепловая энергия/Производство/Некомбинированная выработка | O34: WARM
A35: 34 | B35: 2632 | C35: Чувашская республика | D35: 31007385 | E35: МУП ЖКУ Шоршелского сельского поселения Мариинско-Посадского района Чувашской Республики | F35: 2111002582 | G35: 211101001 | J35: 01-01-2018 00:00:00 | L35: Передача+Сбыт | M35: Комбинированная выработка :: Некомбинированная выработка :: Сбыт :: Передача | N35: /Тепловая энергия/Производство/Комбинированная выработка :: /Тепловая энергия/Производство/Некомбинированная выработка :: /Тепловая энергия/Сбыт :: /Тепловая энергия/Передача | O35: WARM
A36: 35 | B36: 2632 | C36: Чувашская республика | D36: 31007385 | E36: МУП ЖКУ Шоршелского сельского поселения Мариинско-Посадского района Чувашской Республики | F36: 2111002582 | G36: 211101001 | J36: 01-01-2018 00:00:00 | L36: производство (некомбинированная выработка)+передача+сбыт | M36: Комбинированная выработка :: Некомбинированная выработка :: Сбыт :: Передача | N36: /Тепловая энергия/Производство/Комбинированная выработка :: /Тепловая энергия/Производство/Некомбинированная выработка :: /Тепловая энергия/Сбыт :: /Тепловая энергия/Передача | O36: WARM
A37: 36 | B37: 2632 | C37: Чувашская республика | D37: 31007385 | E37: МУП ЖКУ Шоршелского сельского поселения Мариинско-Посадского района Чувашской Республики | F37: 2111002582 | G37: 211101001 | J37: 01-01-2018 00:00:00 | L37: производство комбинированная выработка | M37: Комбинированная выработка :: Некомбинированная выработка :: Сбыт :: Передача | N37: /Тепловая энергия/Производство/Комбинированная выработка :: /Тепловая энергия/Производство/Некомбинированная выработка :: /Тепловая энергия/Сбыт :: /Тепловая энергия/Передача | O37: WARM
A38: 37 | B38: 2632 | C38: Чувашская республика | D38: 26354742 | E38: МУП ЖКХ "Моргаушское" Моргаушского района | F38: 2112000281 | G38: 211201001 | J38: 15-09-2008 00:00:00 | L38: производство (некомбинированная выработка)+передача+сбыт | M38: Некомбинированная выработка :: Сбыт :: Передача | N38: /Тепловая энергия/Производство/Некомбинированная выработка :: /Тепловая энергия/Сбыт :: /Тепловая энергия/Передача | O38: WARM
... A50: 49 | B50: 2632 | C50: Чувашская республика | D50: 26776258 | E50: ООО "Март" | F50: 2104006145 | G50: 210401001 | J50: 01-01-2018 00:00:00 | L50: производство (некомбинированная выработка)+передача+сбыт | M50: Некомбинированная выработка :: Сбыт :: Передача | N50: /Тепловая энергия/Производство/Некомбинированная выработка :: /Тепловая энергия/Сбыт :: /Тепловая энергия/Передача | O50: WARM
A51: 50 | B51: 2632 | C51: Чувашская республика | D51: 28422099 | E51: ООО "МежРегионТоргЦентр" | F51: 2127323180 | G51: 213001001 | J51: 25-10-2013 00:00:00 | K51: 31-12-2020 00:00:00 | L51: Передача | M51: Передача | N51: /Тепловая энергия/Передача | O51: WARM
A52: 51 | B52: 2632 | C52: Чувашская республика | D52: 26642115 | E52: ООО "Потенциал" | F52: 2115902739 | G52: 211601001 | J52: 28-12-2010 00:00:00 | L52: производство (некомбинированная выработка)+передача+сбыт | M52: Некомбинированная выработка :: Сбыт :: Передача | N52: /Тепловая энергия/Производство/Некомбинированная выработка :: /Тепловая энергия/Сбыт :: /Тепловая энергия/Передача | O52: WARM
A53: 52 | B53: 2632 | C53: Чувашская республика | D53: 28068503 | E53: ООО "СУОР" | F53: 2127311917 | G53: 213001001 | J53: 28-01-2013 00:00:00 | L53: производство (некомбинированная выработка)+передача+сбыт | M53: Некомбинированная выработка :: Сбыт :: Передача | N53: /Тепловая энергия/Производство/Некомбинированная выработка :: /Тепловая энергия/Сбыт :: /Тепловая энергия/Передача | O53: WARM
A54: 53 | B54: 2632 | C54: Чувашская республика | D54: 30390869 | E54: ООО "СтройТехМонтаж" | F54: 2130109524 | G54: 213001001 | J54: 21-01-2016 00:00:00 | L54: производство (некомбинированная выработка)+передача+сбыт | M54: Некомбинированная выработка :: Сбыт :: Передача | N54: /Тепловая энергия/Производство/Некомбинированная выработка :: /Тепловая энергия/Сбыт :: /Тепловая энергия/Передача | O54: WARM
A55: 54 | B55: 2632 | C55: Чувашская республика | D55: 26642035 | E55: ООО "Стройэнергосервис" | F55: 2120003053 | G55: 212001001 | J55: 28-12-2010 00:00:00 | L55: производство (некомбинированная выработка)+передача+сбыт | M55: Некомбинированная выработка :: Сбыт :: Передача | N55: /Тепловая энергия/Производство/Некомбинированная выработка :: /Тепловая энергия/Сбыт :: /Тепловая энергия/Передача | O55: WARM
A56: 55 | B56: 2632 | C56: Чувашская республика | D56: 31442741 | E56: ООО "Т-Энерго" | F56: 2130174964 | G56: 213001001 | J56: 21-09-2020 00:00:00 | L56: Передача | M56: Передача | N56: /Тепловая энергия/Передача | O56: WARM
A57: 56 | B57: 2632 | C57: Чувашская республика | D57: 26642129 | E57: ООО "Тепло" | F57: 2124020162 | G57: 212401001 | J57: 28-12-2010 00:00:00 | L57: производство (некомбинированная выработка)+передача+сбыт | M57: Некомбинированная выработка :: Сбыт :: Передача | N57: /Тепловая энергия/Производство/Некомбинированная выработка :: /Тепловая энергия/Сбыт :: /Тепловая энергия/Передача | O57: WARM
A58: 57 | B58: 2632 | C58: Чувашская республика | D58: 26776249 | E58: ООО "ТеплоКомфорт" | F58: 2104007893 | G58: 210401001 | J58: 15-02-2011 00:00:00 | L58: производство (некомбинированная выработка)+передача+сбыт | M58: Некомбинированная выработка :: Сбыт :: Передача | N58: /Тепловая энергия/Производство/Некомбинированная выработка :: /Тепловая энергия/Сбыт :: /Тепловая энергия/Передача | O58: WARM
A59: 58 | B59: 2632 | C59: Чувашская республика | D59: 26783617 | E59: ООО "ТеплоСфера" | F59: 2130062330 | G59: 213001001 | J59: 25-02-2011 00:00:00 | L59: производство (некомбинированная выработка) | M59: Некомбинированная выработка | N59: /Тепловая энергия/Производство/Некомбинированная выработка | O59: WARM
A60: 59 | B60: 2632 | C60: Чувашская республика | D60: 26783617 | E60: ООО "ТеплоСфера" | F60: 2130062330 | G60: 213001001 | J60: 25-02-2011 00:00:00 | L60: производство (некомбинированная выработка)+передача+сбыт | M60: Некомбинированная выработка :: Сбыт :: Передача | N60: /Тепловая энергия/Производство/Некомбинированная выработка :: /Тепловая энергия/Сбыт :: /Тепловая энергия/Передача | O60: WARM
A61: 60 | B61: 2632 | C61: Чувашская республика | D61: 28420826 | E61: ООО "Теплоком" | F61: 2130126537 | G61: 213001001 | J61: 22-10-2013 00:00:00 | L61: производство (некомбинированная выработка)+передача+сбыт | M61: Некомбинированная выработка :: Сбыт :: Передача | N61: /Тепловая энергия/Производство/Некомбинированная выработка :: /Тепловая энергия/Сбыт :: /Тепловая энергия/Передача | O61: WARM
A62: 61 | B62: 2632 | C62: Чувашская республика | D62: 26354761 | E62: ООО "УК "Сельский комфорт" | F62: 2116499022 | G62: 213001001 | J62: 15-09-2008 00:00:00 | L62: производство (некомбинированная выработка)+передача+сбыт | M62: Некомбинированная выработка :: Сбыт :: Передача | N62: /Тепловая энергия/Производство/Некомбинированная выработка :: /Тепловая энергия/Сбыт :: /Тепловая энергия/Передача | O62: WARM
A63: 62 | B63: 2632 | C63: Чувашская республика | D63: 28798393 | E63: ООО "Фирма Три АсС" | F63: 2129030140 | G63: 213001001 | J63: 28-08-2014 00:00:00 | K63: 31-12-2020 00:00:00 | L63: производство (некомбинированная выработка)+передача+сбыт | M63: Некомбинированная выработка :: Сбыт :: Передача | N63: /Тепловая энергия/Производство/Некомбинированная выработка :: /Тепловая энергия/Сбыт :: /Тепловая энергия/Передача | O63: WARM
A64: 63 | B64: 2632 | C64: Чувашская республика | D64: 28983235 | E64: ООО "ЧМКФ "Вавилон" | F64: 2129030703 | G64: 213001001 | J64: 29-07-2015 00:00:00 | L64: производство (некомбинированная выработка)+передача+сбыт | M64: Некомбинированная выработка :: Сбыт :: Передача | N64: /Тепловая энергия/Производство/Некомбинированная выработка :: /Тепловая энергия/Сбыт :: /Тепловая энергия/Передача | O64: WARM
A65: 64 | B65: 2632 | C65: Чувашская республика | D65: 26776221 | E65: ООО "ЭК-Котельная" | F65: 2111006474 | G65: 211101001 | J65: 01-01-2018 00:00:00 | L65: производство (некомбинированная выработка)+передача+сбыт | M65: Некомбинированная выработка :: Сбыт :: Передача | N65: /Тепловая энергия/Производство/Некомбинированная выработка :: /Тепловая энергия/Сбыт :: /Тепловая энергия/Передача | O65: WARM
A66: 65 | B66: 2632 | C66: Чувашская республика | D66: 30845215 | E66: ООО "ЭнергоСистемы" | F66: 2130177933 | G66: 213001001 | J66: 19-10-2016 00:00:00 | L66: Передача | M66: Передача | N66: /Тепловая энергия/Передача | O66: WARM
A67: 66 | B67: 2632 | C67: Чувашская республика | D67: 30845215 | E67: ООО "ЭнергоСистемы" | F67: 2130177933 | G67: 213001001 | J67: 19-10-2016 00:00:00 | L67: Теплоноситель - Передача | M67: Передача | N67: /Теплоноситель/Передача | O67: WARM
A68: 67 | B68: 2632 | C68: Чувашская республика | D68: 26354779 | E68: ООО "Энергосервис" | F68: 2124027489 | G68: 212401001 | J68: 15-09-2008 00:00:00 | L68: Передача+Сбыт | M68: Сбыт :: Передача | N68: /Тепловая энергия/Сбыт :: /Тепловая энергия/Передача | O68: WARM
A69: 68 | B69: 2632 | C69: Чувашская республика | D69: 26641509 | E69: ООО Управляющая компания "Жилище" | F69: 2102421428 | G69: 210201001 | J69: 30-09-2015 00:00:00 | L69: производство (некомбинированная выработка)+передача+сбыт | M69: Некомбинированная выработка :: Сбыт :: Передача | N69: /Тепловая энергия/Производство/Некомбинированная выработка :: /Тепловая энергия/Сбыт :: /Тепловая энергия/Передача | O69: WARM
A70: 69 | B70: 2632 | C70: Чувашская республика | D70: 28830489 | E70: ПАО "Т плюс" Филиал « Марий Эл и Чувашии» | F70: 6315376946 | G70: 213043001 | J70: 12-12-2014 00:00:00 | L70: Передача+Сбыт | M70: Комбинированная выработка :: Сбыт :: Передача | N70: /Тепловая энергия/Производство/Комбинированная выработка :: /Тепловая энергия/Сбыт :: /Тепловая энергия/Передача | O70: WARM
A71: 70 | B71: 2632 | C71: Чувашская республика | D71: 28830489 | E71: ПАО "Т плюс" Филиал « Марий Эл и Чувашии» | F71: 6315376946 | G71: 213043001 | J71: 12-12-2014 00:00:00 | L71: производство комбинированная выработка | M71: Комбинированная выработка :: Сбыт :: Передача | N71: /Тепловая энергия/Производство/Комбинированная выработка :: /Тепловая энергия/Сбыт :: /Тепловая энергия/Передача | O71: WARM
A72: 71 | B72: 2632 | C72: Чувашская республика | D72: 28830489 | E72: ПАО "Т плюс" Филиал « Марий Эл и Чувашии» | F72: 6315376946 | G72: 213043001 | J72: 25-02-2015 00:00:00 | L72: Передача+Сбыт | M72: Комбинированная выработка :: Сбыт :: Передача | N72: /Тепловая энергия/Производство/Комбинированная выработка :: /Тепловая энергия/Сбыт :: /Тепловая энергия/Передача | O72: WARM
A73: 72 | B73: 2632 | C73: Чувашская республика | D73: 28830489 | E73: ПАО "Т плюс" Филиал « Марий Эл и Чувашии» | F73: 6315376946 | G73: 213043001 | J73: 25-02-2015 00:00:00 | L73: производство комбинированная выработка | M73: Комбинированная выработка :: Сбыт :: Передача | N73: /Тепловая энергия/Производство/Комбинированная выработка :: /Тепловая энергия/Сбыт :: /Тепловая энергия/Передача | O73: WARM
A74: 73 | B74: 2632 | C74: Чувашская республика | D74: 28830489 | E74: ПАО "Т плюс" Филиал « Марий Эл и Чувашии» | F74: 6315376946 | G74: 213043001 | J74: 15-12-2018 00:00:00 | L74: Теплоноситель - Сбыт :: Производство :: Передача | M74: Сбыт :: Производство :: Передача | N74: /Теплоноситель/Сбыт :: /Теплоноситель/Производство :: /Теплоноситель/Передача | O74: WARM
A75: 74 | B75: 2632 | C75: Чувашская республика | D75: 26379288 | E75: ПАО "Химпром" | F75: 2124009521 | G75: 212401001 | J75: 01-01-2018 00:00:00 | L75: Передача+Сбыт | M75: Комбинированная выработка :: Некомбинированная выработка :: Сбыт :: Передача | N75: /Тепловая энергия/Производство/Комбинированная выработка :: /Тепловая энергия/Производство/Некомбинированная выработка :: /Тепловая энергия/Сбыт :: /Тепловая энергия/Передача | O75: WARM
... A80: 79 | B80: 2632 | C80: Чувашская республика | D80: 26370778 | E80: ФКУ "ИК № 5 УФСИН по Чувашской Республике - Чувашии" | F80: 2107003946 | G80: 210701001 | J80: 15-09-2008 00:00:00 | L80: производство (некомбинированная выработка)+передача+сбыт | M80: Некомбинированная выработка :: Сбыт :: Передача | N80: /Тепловая энергия/Производство/Некомбинированная выработка :: /Тепловая энергия/Сбыт :: /Тепловая энергия/Передача | O80: WARM
A81: 80 | B81: 2632 | C81: Чувашская республика | D81: 26796651 | E81: Филиал ПАО "РусГидро" - "Чебоксарская ГЭС" | F81: 2460066195 | G81: 212402001 | J81: 01-01-2018 00:00:00 | K81: 31-12-2020 00:00:00 | L81: Передача | M81: Передача | N81: /Тепловая энергия/Передача | O81: WARM
A82: 81 | B82: 2632 | C82: Чувашская республика | D82: 31289614 | E82: Филиал в Чувашской Республике ПАО «Ростелеком» | F82: 7707049388 | G82: 213043001 | J82: 01-01-2019 00:00:00 | L82: производство (некомбинированная выработка)+передача+сбыт | M82: Некомбинированная выработка :: Сбыт :: Передача | N82: /Тепловая энергия/Производство/Некомбинированная выработка :: /Тепловая энергия/Сбыт :: /Тепловая энергия/Передача | O82: WARM
A83: 82 | B83: 2632 | C83: Чувашская республика | D83: 27565977 | E83: Ядринское МПП ЖКХ | F83: 2119000178 | G83: 211901001 | J83: 10-01-2012 00:00:00 | L83: производство (некомбинированная выработка)+передача+сбыт | M83: Некомбинированная выработка :: Сбыт :: Передача | N83: /Тепловая энергия/Производство/Некомбинированная выработка :: /Тепловая энергия/Сбыт :: /Тепловая энергия/Передача | O83: WARM
A84: 1 | B84: 2632 | C84: Чувашская республика | D84: 26354790 | E84: АО "Газпром газораспределение Чебоксары" (Санаторий "Волга") | F84: 2128049998 | G84: 211631001 | J84: 15-09-2008 00:00:00 | L84: Оказание услуг в сфере горячего водоснабжения | M84: Сбыт :: Производство :: Транспортировка | N84: /ГВС/Сбыт :: /ГВС/Производство :: /ГВС/Транспортировка | O84: HOT_VS
A85: 2 | B85: 2632 | C85: Чувашская республика | D85: 26354795 | E85: АО "Санаторий "Чувашия" | F85: 2129027450 | G85: 213001001 | J85: 15-09-2008 00:00:00 | L85: Оказание услуг в сфере горячего водоснабжения | M85: Сбыт :: Производство :: Транспортировка | N85: /ГВС/Сбыт :: /ГВС/Производство :: /ГВС/Транспортировка | O85: HOT_VS
A86: 3 | B86: 2632 | C86: Чувашская республика | D86: 26776252 | E86: АО Фирма "Август" | F86: 5046001101 | G86: 210431001 | J86: 15-02-2011 00:00:00 | L86: Оказание услуг в сфере горячего водоснабжения | M86: Сбыт :: Производство :: Транспортировка | N86: /ГВС/Сбыт :: /ГВС/Производство :: /ГВС/Транспортировка | O86: HOT_VS
A87: 4 | B87: 2632 | C87: Чувашская республика | D87: 28546667 | E87: ГУП "Чувашгаз" | F87: 2128017682 | G87: 213001001 | J87: 09-11-2015 00:00:00 | L87: Оказание услуг в сфере горячего водоснабжения | M87: Сбыт :: Производство :: Транспортировка | N87: /ГВС/Сбыт :: /ГВС/Производство :: /ГВС/Транспортировка | O87: HOT_VS
A88: 5 | B88: 2632 | C88: Чувашская республика | D88: 28546667 | E88: ГУП "Чувашгаз" | F88: 2128017682 | G88: 213001001 | J88: 19-02-2016 00:00:00 | L88: Оказание услуг в сфере горячего водоснабжения | M88: Сбыт :: Производство :: Транспортировка | N88: /ГВС/Сбыт :: /ГВС/Производство :: /ГВС/Транспортировка | O88: HOT_VS
A89: 6 | B89: 2632 | C89: Чувашская республика | D89: 28546667 | E89: ГУП "Чувашгаз" | F89: 2128017682 | G89: 213001001 | J89: 01-09-2017 00:00:00 | L89: Оказание услуг в сфере горячего водоснабжения | M89: Сбыт :: Производство :: Транспортировка | N89: /ГВС/Сбыт :: /ГВС/Производство :: /ГВС/Транспортировка | O89: HOT_VS
A90: 7 | B90: 2632 | C90: Чувашская республика | D90: 26776449 | E90: МП "ДЕЗ ЖКХ Ибресинского района" | F90: 2105002961 | G90: 210501001 | J90: 15-02-2011 00:00:00 | L90: Оказание услуг в сфере горячего водоснабжения | M90: Сбыт :: Производство :: Транспортировка | N90: /ГВС/Сбыт :: /ГВС/Производство :: /ГВС/Транспортировка | O90: HOT_VS
A91: 8 | B91: 2632 | C91: Чувашская республика | D91: 26354777 | E91: МП "УК ЖКХ" МО "г.Канаш Чувашской Республики" | F91: 2123008250 | G91: 212301001 | J91: 15-09-2008 00:00:00 | L91: Оказание услуг в сфере горячего водоснабжения | M91: Сбыт :: Производство :: Транспортировка | N91: /ГВС/Сбыт :: /ГВС/Производство :: /ГВС/Транспортировка | O91: HOT_VS
A92: 9 | B92: 2632 | C92: Чувашская республика | D92: 26354772 | E92: МУП "Алатырское ПОК и ТС" | F92: 2122000210 | G92: 212201001 | J92: 15-09-2008 00:00:00 | L92: Оказание услуг в сфере горячего водоснабжения | M92: Сбыт :: Производство :: Транспортировка | N92: /ГВС/Сбыт :: /ГВС/Производство :: /ГВС/Транспортировка | O92: HOT_VS
A93: 10 | B93: 2632 | C93: Чувашская республика | D93: 31217009 | E93: МУП "ЖКХ "Вурман-Сюктерское" | F93: 2116003886 | G93: 211601001 | J93: 07-11-2018 00:00:00 | L93: Оказание услуг в сфере горячего водоснабжения | M93: Сбыт :: Производство :: Транспортировка | N93: /ГВС/Сбыт :: /ГВС/Производство :: /ГВС/Транспортировка | O93: HOT_VS
... A96: 13 | B96: 2632 | C96: Чувашская республика | D96: 30961236 | E96: МУП "Жилищно-коммунальное хозяйство Козловского района" | F96: 2107005654 | G96: 210701001 | J96: 01-10-2017 00:00:00 | L96: Оказание услуг в сфере горячего водоснабжения | M96: Сбыт :: Производство :: Транспортировка | N96: /ГВС/Сбыт :: /ГВС/Производство :: /ГВС/Транспортировка | O96: HOT_VS
A97: 14 | B97: 2632 | C97: Чувашская республика | D97: 28977531 | E97: МУП "ОПЖКХ" Порецкого района | F97: 2113003207 | G97: 211301001 | H97: 30-08-2004 00:00:00 | J97: 16-06-2015 00:00:00 | L97: Оказание услуг в сфере горячего водоснабжения | M97: Сбыт :: Производство :: Транспортировка | N97: /ГВС/Сбыт :: /ГВС/Производство :: /ГВС/Транспортировка | O97: HOT_VS
A98: 15 | B98: 2632 | C98: Чувашская республика | D98: 31172050 | E98: МУП "Теплосеть" муниципального образования города Чебоксары-столицы Чувашской Республики | F98: 2130201760 | G98: 213001001 | J98: 01-09-2018 00:00:00 | L98: Оказание услуг в сфере горячего водоснабжения | M98: Сбыт :: Производство :: Транспортировка | N98: /ГВС/Сбыт :: /ГВС/Производство :: /ГВС/Транспортировка | O98: HOT_VS
A99: 16 | B99: 2632 | C99: Чувашская республика | D99: 31324851 | E99: МУП "Шумерлинское предприятие тепловодоснабжения и водоотведения" | F99: 2125008930 | G99: 212501001 | J99: 16-08-2019 00:00:00 | L99: Оказание услуг в сфере горячего водоснабжения | M99: Сбыт :: Производство :: Транспортировка | N99: /ГВС/Сбыт :: /ГВС/Производство :: /ГВС/Транспортировка | O99: HOT_VS
A100: 17 | B100: 2632 | C100: Чувашская республика | D100: 31004889 | E100: МУП ЖКУ Мариинско-посадского городского поселения Мариинско-посадского района | F100: 2111002575 | G100: 211101001 | J100: 15-12-2017 00:00:00 | L100: Оказание услуг в сфере горячего водоснабжения | M100: Сбыт :: Производство :: Транспортировка | N100: /ГВС/Сбыт :: /ГВС/Производство :: /ГВС/Транспортировка | O100: HOT_VS
A101: 18 | B101: 2632 | C101: Чувашская республика | D101: 30955451 | E101: МУП ЖКУ Цивильского городского поселения Цивильского района | F101: 2115005383 | G101: 211501001 | J101: 25-09-2017 00:00:00 | L101: Оказание услуг в сфере горячего водоснабжения | M101: Сбыт :: Производство :: Транспортировка | N101: /ГВС/Сбыт :: /ГВС/Производство :: /ГВС/Транспортировка | O101: HOT_VS
A102: 19 | B102: 2632 | C102: Чувашская республика | D102: 31007385 | E102: МУП ЖКУ Шоршелского сельского поселения Мариинско-Посадского района Чувашской Республики | F102: 2111002582 | G102: 211101001 | J102: 08-12-2017 00:00:00 | L102: Оказание услуг в сфере горячего водоснабжения | M102: Сбыт :: Производство :: Транспортировка | N102: /ГВС/Сбыт :: /ГВС/Производство :: /ГВС/Транспортировка | O102: HOT_VS
A103: 20 | B103: 2632 | C103: Чувашская республика | D103: 26354732 | E103: МУП ЖКХ Красноармейского района | F103: 2109000362 | G103: 210901001 | J103: 15-09-2008 00:00:00 | L103: Оказание услуг в сфере горячего водоснабжения | M103: Сбыт :: Производство :: Транспортировка | N103: /ГВС/Сбыт :: /ГВС/Производство :: /ГВС/Транспортировка | O103: HOT_VS
A104: 21 | B104: 2632 | C104: Чувашская республика | D104: 26499380 | E104: ООО "Комбинат строительных материалов" | F104: 2123006648 | G104: 212301001 | J104: 12-04-2010 00:00:00 | L104: Оказание услуг в сфере горячего водоснабжения | M104: Сбыт :: Производство :: Транспортировка | N104: /ГВС/Сбыт :: /ГВС/Производство :: /ГВС/Транспортировка | O104: HOT_VS
A105: 22 | B105: 2632 | C105: Чувашская республика | D105: 28068503 | E105: ООО "СУОР" | F105: 2127311917 | G105: 213001001 | J105: 03-12-2014 00:00:00 | L105: Оказание услуг в сфере горячего водоснабжения | M105: Сбыт :: Производство :: Транспортировка | N105: /ГВС/Сбыт :: /ГВС/Производство :: /ГВС/Транспортировка | O105: HOT_VS
A106: 23 | B106: 2632 | C106: Чувашская республика | D106: 30390869 | E106: ООО "СтройТехМонтаж" | F106: 2130109524 | G106: 213001001 | J106: 12-01-2016 00:00:00 | L106: Оказание услуг в сфере горячего водоснабжения | M106: Сбыт :: Производство :: Транспортировка | N106: /ГВС/Сбыт :: /ГВС/Производство :: /ГВС/Транспортировка | O106: HOT_VS
A107: 24 | B107: 2632 | C107: Чувашская республика | D107: 26783617 | E107: ООО "ТеплоСфера" | F107: 2130062330 | G107: 213001001 | J107: 25-02-2011 00:00:00 | L107: Оказание услуг в сфере горячего водоснабжения | M107: Сбыт :: Производство :: Транспортировка | N107: /ГВС/Сбыт :: /ГВС/Производство :: /ГВС/Транспортировка | O107: HOT_VS
A108: 25 | B108: 2632 | C108: Чувашская республика | D108: 26783617 | E108: ООО "ТеплоСфера" | F108: 2130062330 | G108: 213001001 | J108: 19-02-2016 00:00:00 | L108: Оказание услуг в сфере горячего водоснабжения | M108: Сбыт :: Производство :: Транспортировка | N108: /ГВС/Сбыт :: /ГВС/Производство :: /ГВС/Транспортировка | O108: HOT_VS
A109: 26 | B109: 2632 | C109: Чувашская республика | D109: 26783617 | E109: ООО "ТеплоСфера" | F109: 2130062330 | G109: 213001001 | J109: 01-01-2017 00:00:00 | L109: Поставка горячей воды | M109: Сбыт :: Транспортировка | N109: /ГВС/Сбыт :: /ГВС/Транспортировка | O109: HOT_VS
A110: 27 | B110: 2632 | C110: Чувашская республика | D110: 26354761 | E110: ООО "УК "Сельский комфорт" | F110: 2116499022 | G110: 213001001 | J110: 15-09-2008 00:00:00 | L110: Оказание услуг в сфере горячего водоснабжения | M110: Сбыт :: Производство :: Транспортировка | N110: /ГВС/Сбыт :: /ГВС/Производство :: /ГВС/Транспортировка | O110: HOT_VS
A111: 28 | B111: 2632 | C111: Чувашская республика | D111: 28798393 | E111: ООО "Фирма Три АсС" | F111: 2129030140 | G111: 213001001 | J111: 25-03-2015 00:00:00 | K111: 31-12-2020 00:00:00 | L111: Оказание услуг в сфере горячего водоснабжения | M111: Сбыт :: Производство :: Транспортировка | N111: /ГВС/Сбыт :: /ГВС/Производство :: /ГВС/Транспортировка | O111: HOT_VS
A112: 29 | B112: 2632 | C112: Чувашская республика | D112: 28983235 | E112: ООО "ЧМКФ "Вавилон" | F112: 2129030703 | G112: 213001001 | J112: 22-12-2015 00:00:00 | L112: Оказание услуг в сфере горячего водоснабжения | M112: Сбыт :: Производство :: Транспортировка | N112: /ГВС/Сбыт :: /ГВС/Производство :: /ГВС/Транспортировка | O112: HOT_VS
A113: 30 | B113: 2632 | C113: Чувашская республика | D113: 28830489 | E113: ПАО "Т плюс" Филиал « Марий Эл и Чувашии» | F113: 6315376946 | G113: 213043001 | J113: 12-12-2014 00:00:00 | L113: Оказание услуг в сфере горячего водоснабжения | M113: Сбыт :: Производство :: Транспортировка | N113: /ГВС/Сбыт :: /ГВС/Производство :: /ГВС/Транспортировка | O113: HOT_VS
A114: 31 | B114: 2632 | C114: Чувашская республика | D114: 28830489 | E114: ПАО "Т плюс" Филиал « Марий Эл и Чувашии» | F114: 6315376946 | G114: 213043001 | J114: 25-02-2015 00:00:00 | L114: Оказание услуг в сфере горячего водоснабжения | M114: Сбыт :: Производство :: Транспортировка | N114: /ГВС/Сбыт :: /ГВС/Производство :: /ГВС/Транспортировка | O114: HOT_VS
A115: 32 | B115: 2632 | C115: Чувашская республика | D115: 27565977 | E115: Ядринское МПП ЖКХ | F115: 2119000178 | G115: 211901001 | J115: 10-01-2012 00:00:00 | L115: Оказание услуг в сфере горячего водоснабжения | M115: Сбыт :: Производство :: Транспортировка | N115: /ГВС/Сбыт :: /ГВС/Производство :: /ГВС/Транспортировка | O115: HOT_VS
A116: 1 | B116: 2632 | C116: Чувашская республика | D116: 26379295 | E116: АО "Водоканал" | F116: 2130017760 | G116: 213001001 | J116: 15-09-2008 00:00:00 | L116: Оказание услуг в сфере водоснабжения | M116: Подвоз воды :: Техническая :: Питьевая :: Техническая :: Питьевая :: Техническая :: Питьевая :: Очистка | N116: /ХВС/Подвоз воды :: /ХВС/Сбыт/Техническая :: /ХВС/Сбыт/Питьевая :: /ХВС/Транспортировка/Техническая :: /ХВС/Транспортировка/Питьевая :: /ХВС/Производство/Техническая :: /ХВС/Производство/Питьевая :: /ХВС/Очистка | O116: VS
A117: 2 | B117: 2632 | C117: Чувашская республика | D117: 26379295 | E117: АО "Водоканал" | F117: 2130017760 | G117: 213001001 | J117: 01-01-2017 00:00:00 | L117: Оказание услуг в сфере водоснабжения | M117: Питьевая | N117: /ХВС/Сбыт/Питьевая | O117: VS
A118: 3 | B118: 2632 | C118: Чувашская республика | D118: 26354790 | E118: АО "Газпром газораспределение Чебоксары" (Санаторий "Волга") | F118: 2128049998 | G118: 211631001 | J118: 15-09-2008 00:00:00 | L118: Оказание услуг в сфере водоснабжения | M118: Техническая :: Питьевая :: Техническая :: Питьевая :: Техническая :: Питьевая | N118: /ХВС/Сбыт/Техническая :: /ХВС/Сбыт/Питьевая :: /ХВС/Транспортировка/Техническая :: /ХВС/Транспортировка/Питьевая :: /ХВС/Производство/Техническая :: /ХВС/Производство/Питьевая | O118: VS
A119: 4 | B119: 2632 | C119: Чувашская республика | D119: 26354790 | E119: АО "Газпром газораспределение Чебоксары" (Санаторий "Волга") | F119: 2128049998 | G119: 211631001 | J119: 15-09-2008 00:00:00 | L119: Транспортировка воды | M119: Техническая :: Питьевая :: Техническая :: Питьевая :: Техническая :: Питьевая | N119: /ХВС/Сбыт/Техническая :: /ХВС/Сбыт/Питьевая :: /ХВС/Транспортировка/Техническая :: /ХВС/Транспортировка/Питьевая :: /ХВС/Производство/Техническая :: /ХВС/Производство/Питьевая | O119: VS
A120: 5 | B120: 2632 | C120: Чувашская республика | D120: 26946781 | E120: АО "Моргаушавтотехсервис" | F120: 2112000860 | G120: 211201001 | J120: 08-08-2011 00:00:00 | L120: Оказание услуг в сфере водоснабжения | M120: Подвоз воды :: Техническая :: Питьевая :: Техническая :: Питьевая :: Техническая :: Питьевая :: Очистка | N120: /ХВС/Подвоз воды :: /ХВС/Сбыт/Техническая :: /ХВС/Сбыт/Питьевая :: /ХВС/Транспортировка/Техническая :: /ХВС/Транспортировка/Питьевая :: /ХВС/Производство/Техническая :: /ХВС/Производство/Питьевая :: /ХВС/Очистка | O120: VS
A121: 6 | B121: 2632 | C121: Чувашская республика | D121: 26824116 | E121: АО "ПМК-8" | F121: 2115000346 | G121: 211501001 | J121: 21-12-2015 00:00:00 | L121: Оказание услуг в сфере водоснабжения | M121: Подвоз воды :: Питьевая :: Питьевая :: Питьевая :: Очистка | N121: /ХВС/Подвоз воды :: /ХВС/Сбыт/Питьевая :: /ХВС/Транспортировка/Питьевая :: /ХВС/Производство/Питьевая :: /ХВС/Очистка | O121: VS
A122: 7 | B122: 2632 | C122: Чувашская республика | D122: 26354795 | E122: АО "Санаторий "Чувашия" | F122: 2129027450 | G122: 213001001 | J122: 15-09-2008 00:00:00 | L122: Оказание услуг в сфере водоснабжения | M122: Подвоз воды :: Техническая :: Питьевая :: Техническая :: Питьевая :: Техническая :: Питьевая :: Очистка | N122: /ХВС/Подвоз воды :: /ХВС/Сбыт/Техническая :: /ХВС/Сбыт/Питьевая :: /ХВС/Транспортировка/Техническая :: /ХВС/Транспортировка/Питьевая :: /ХВС/Производство/Техническая :: /ХВС/Производство/Питьевая :: /ХВС/Очистка | O122: VS
A123: 8 | B123: 2632 | C123: Чувашская республика | D123: 28953157 | E123: АО "Транснефть-Прикамье" | F123: 1645000340 | G123: 165501001 | J123: 22-04-2015 00:00:00 | K123: 31-12-2020 00:00:00 | L123: Оказание услуг в сфере водоснабжения | M123: Питьевая :: Питьевая :: Питьевая | N123: /ХВС/Сбыт/Питьевая :: /ХВС/Транспортировка/Питьевая :: /ХВС/Производство/Питьевая | O123: VS
A124: 9 | B124: 2632 | C124: Чувашская республика | D124: 28953157 | E124: АО "Транснефть-Прикамье" | F124: 1645000340 | G124: 165501001 | J124: 22-04-2015 00:00:00 | K124: 31-12-2020 00:00:00 | L124: Транспортировка воды | M124: Питьевая :: Питьевая :: Питьевая | N124: /ХВС/Сбыт/Питьевая :: /ХВС/Транспортировка/Питьевая :: /ХВС/Производство/Питьевая | O124: VS
...

Sheet REESTR_MO

Sheet REESTR_MERO
A1: № | B1: REGION_NAME | C1: MERO_NAME | D1: SPHERE_NAME
A2: 1 | B2: Чувашская республика | C2: Внедрение реле-регуляторов светильников
A3: 2 | B3: Чувашская республика | C3: Герметизация зданий (окна, двери, швы, подвалы, выходы вентиляции, инженерных коммуникаций)
A4: 3 | B4: Чувашская республика | C4: Мероприятия по модернизации оборудования, в том числе замене оборудования на оборудование с более высоким коэффициентом полезного действия, внедрение инновационных решений и энергосберегающих технологий, в том числе энергоэффективной нанотехнологичной продукции
A5: 4 | B5: Чувашская республика | C5: Мероприятия по сокращению потерь электрической, тепловой энергии, холодной и горячей воды при осуществлении регулируемых видов деятельности
A6: 5 | B6: Чувашская республика | C6: Мероприятия по установке осветительных устройств с использованием светодиодов
A7: 6 | B7: Чувашская республика | C7: Мероприятия, направленные на снижение потребления энергетических ресурсов на собственные нужды при осуществлении регулируемых видов деятельности

Sheet REESTR_EFCT
A1: № | B1: REGION_NAME | C1: VDET_NAME | D1: EFCT_NAME | E1: EDIZM_NAME | F1: SPHERE_NAME
A2: 1 | B2: Чувашская республика | C2: Горячее водоснабжение | D2: Доля использования осветительных устройств с использованием светодиодов в общем объеме используемых осветительных устройств | E2: % | F2: ГВС
A3: 2 | B3: Чувашская республика | C3: Горячее водоснабжение | D3: Объем выбросов парниковых газов при производстве единицы услуги | E3: м3/тыс. куб. м | F3: ГВС
A4: 3 | B4: Чувашская республика | C4: Горячее водоснабжение | D4: Оснащенность зданий, строений, сооружений, находящихся в собственности компании и/или на другом законном основании, приборами учета используемых энергоресурсов: воды, природного газа, тепловой энергии, электрической энергии | E4: % | F4: ГВС
A5: 4 | B5: Чувашская республика | C5: Горячее водоснабжение | D5: Снижение расхода электрической энергии на собственные нужды | E5: кВт.ч, % | F5: ГВС
A6: 5 | B6: Чувашская республика | C6: Горячее водоснабжение | D6: Снижение удельного расхода электрической энергии на горячее водоснабжение | E6: кВт.ч/куб. м, % | F6: ГВС
A7: 6 | B7: Чувашская республика | C7: Горячее водоснабжение | D7: Сокращение удельного расхода горюче-смазочных материалов, используемых компанией при оказании услуг по горячему водоснабжению | E7: т.у.т./км, % | F7: ГВС
A8: 7 | B8: Чувашская республика | C8: Горячее водоснабжение | D8: Сокращение удельного расхода тепловой энергии в зданиях, строениях, сооружениях, находящихся в собственности компании и/или на другом законном основании | E8: Гкал/куб. м, % | F8: ГВС
A9: 8 | B9: Чувашская республика | C9: Горячее водоснабжение | D9: Сокращение удельного расхода электрической энергии в зданиях, строениях, сооружениях, находящихся в собственности компании и/или на другом законном основании | E9: кВт.ч/кв. м, % | F9: ГВС
A10: 9 | B10: Чувашская республика | C10: Обращение с твердыми коммунальными отходами | D10: Доля использования осветительных устройств с использованием светодиодов в общем объеме используемых осветительных устройств | E10: % | F10: ТКО
A11: 10 | B11: Чувашская республика | C11: Обращение с твердыми коммунальными отходами | D11: Объем выбросов парниковых газов при производстве единицы услуги | E11: м3/тыс. куб. м | F11: ТКО
A12: 11 | B12: Чувашская республика | C12: Обращение с твердыми коммунальными отходами | D12: Оснащенность зданий, строений, сооружений, находящихся в собственности компании и/или на другом законном основании, приборами учета используемых энергоресурсов: воды, природного газа, тепловой энергии, электрической энергии | E12: % | F12: ТКО
A13: 12 | B13: Чувашская республика | C13: Обращение с твердыми коммунальными отходами | D13: Снижение расхода электрической энергии на собственные нужды | E13: кВт.ч, % | F13: ТКО
... A94: 93 | B94: Чувашская республика | C94: Услуги по холодному водоснабжению | D94: Увеличение доли отпуска воды потребителям по приборам учета | E94: % | F94: ВС

Sheet REESTR_VD
A1: № | B1: VDET_NAME
A2: 1 | B2: Горячее водоснабжение
A3: 2 | B3: Обращение с твердыми коммунальными отходами
A4: 3 | B4: Производство и передача тепловой энергии
A5: 4 | B5: Производство тепловой энергии
A6: 5 | B6: Производство электрической и тепловой энергии в режиме комбинированной выработки
A7: 6 | B7: Услуги по водоотведению
A8: 7 | B8: Услуги по передаче тепловой энергии
A9: 8 | B9: Услуги по передаче электрической энергии
A10: 9 | B10: Услуги по холодному водоснабжению

Sheet modThisWorkbook

Sheet modProv

Sheet modReestr
A1: DATA_URL
A2: https://appsrv.regportal-tariff.ru/procwsxls/
A3: LINK_RANGE
A4: ID | B4: LINK_NAME | C4: REGION
A5: 64275710 | B5: https://regportal-tariff.ru/disclo/get_file?p_guid=????????-????-????-????-???????????? | C5: ALL

Sheet modInstruction

Sheet modfrmSecretCode

Sheet modIHLCommandBar

Sheet modProvGeneralProc

Sheet modCheckCyan
A1: =IF(Программа!$D$12="",1,0) -> 0
A2: =IF(Программа!$F$12="",1,0) -> 0
A3: =IF(Программа!$G$12="",1,0) -> 0
A4: =IF(Программа!$K$12="",1,0) -> 0
A5: =IF(Программа!$L$12="",1,0) -> 0
A6: =IF(Программа!$M$12="",1,0) -> 0
A7: =IF(Энергообследование!$D$9="",1,0) -> 0
A8: =IF(Показатели!$J$23="",1,0) -> 0
A9: =IF(Программа!$I$12="",1,0) -> 0
A10: =IF('Реестр мероприятий'!$H$15="",1,0) -> 0
A11: =IF('Реестр мероприятий'!$I$15="",1,0) -> 0
A12: =IF('Финансовое обеспечение'!$M$16="",1,0) -> 0
A13: =IF('Финансовое обеспечение'!$N$16="",1,0) -> 0
A14: =IF(Эффект!$O$17="",1,0) -> 0
A15: =IF(Эффект!$P$17="",1,0) -> 0
A16: =IF('Реестр мероприятий'!$H$16="",1,0) -> 0
A17: =IF('Реестр мероприятий'!$I$16="",1,0) -> 0
A18: =IF('Финансовое обеспечение'!$M$19="",1,0) -> 0
A19: =IF('Финансовое обеспечение'!$N$19="",1,0) -> 0
A20: =IF(Эффект!$O$20="",1,0) -> 0
A21: =IF(Эффект!$P$20="",1,0) -> 0
A22: =IF('Реестр мероприятий'!$H$17="",1,0) -> 0
A23: =IF('Реестр мероприятий'!$I$17="",1,0) -> 0
A24: =IF('Финансовое обеспечение'!$M$22="",1,0) -> 0
A25: =IF('Финансовое обеспечение'!$N$22="",1,0) -> 0
A26: =IF(Эффект!$O$23="",1,0) -> 0
A27: =IF(Эффект!$P$23="",1,0) -> 0
A28: =IF('Реестр мероприятий'!$H$18="",1,0) -> 0
A29: =IF('Реестр мероприятий'!$I$18="",1,0) -> 0
A30: =IF('Финансовое обеспечение'!$M$25="",1,0) -> 0
A31: =IF('Финансовое обеспечение'!$N$25="",1,0) -> 0
A32: =IF(Эффект!$O$26="",1,0) -> 0
A33: =IF(Эффект!$P$26="",1,0) -> 0
A34: =IF('Реестр мероприятий'!$H$19="",1,0) -> 0
A35: =IF('Реестр мероприятий'!$I$19="",1,0) -> 0
A36: =IF('Финансовое обеспечение'!$M$28="",1,0) -> 0
A37: =IF('Финансовое обеспечение'!$N$28="",1,0) -> 0
A38: =IF(Эффект!$O$29="",1,0) -> 0
A39: =IF(Эффект!$P$29="",1,0) -> 0
A40: =IF('Реестр мероприятий'!$H$20="",1,0) -> 0
A41: =IF('Реестр мероприятий'!$I$20="",1,0) -> 0
A42: =IF('Финансовое обеспечение'!$M$31="",1,0) -> 0
A43: =IF('Финансовое обеспечение'!$N$31="",1,0) -> 0
A44: =IF(Эффект!$O$32="",1,0) -> 0
A45: =IF(Эффект!$P$32="",1,0) -> 0
A46: =IF('Реестр мероприятий'!$H$21="",1,0) -> 0
A47: =IF('Реестр мероприятий'!$I$21="",1,0) -> 0
A48: =IF('Финансовое обеспечение'!$M$34="",1,0) -> 0
A49: =IF('Финансовое обеспечение'!$N$34="",1,0) -> 0
A50: =IF(Эффект!$O$35="",1,0) -> 0
A51: =IF(Эффект!$P$35="",1,0) -> 0
A52: =IF('Реестр мероприятий'!$H$22="",1,0) -> 0
A53: =IF('Реестр мероприятий'!$I$22="",1,0) -> 0
A54: =IF('Финансовое обеспечение'!$M$37="",1,0) -> 0
A55: =IF('Финансовое обеспечение'!$N$37="",1,0) -> 0
A56: =IF(Эффект!$O$38="",1,0) -> 0
A57: =IF(Эффект!$P$38="",1,0) -> 0
A58: =IF(Программа!$K$12="",1,0) -> 0
A59: =IF(Программа!$L$12="",1,0) -> 0

Sheet modfrmURL

Sheet modfrmRegion

Sheet modUpdTemplMain

Sheet modfrmCheckUpdates

Sheet AllSheetsInThisWorkbook
A1: Расчетные листы | B1: Скрытые листы
A2: Инструкция | B2: et_union
A3: Лог обновления | B3: TEHSHEET
A4: Титульный | B4: REESTR_ORG
A5: Программа | B5: REESTR_MO
A6: Энергообследование | B6: REESTR_MERO
A7: Реестр мероприятий | B7: REESTR_EFCT
A8: Финансовое обеспечение | B8: REESTR_VD
A9: Эффект | B9: modThisWorkbook
A10: Показатели | B10: modProv
A11: Комментарии | B11: modReestr
A12: Проверка | B12: modHTTP
B13: modInstruction
B14: modfrmSecretCode
B15: modIHLCommandBar
B16: modProvGeneralProc
B17: modCheckCyan
B18: modfrmURL
B19: modfrmRegion
B20: modUpdTemplMain
B21: modfrmCheckUpdates
B22: AllSheetsInThisWorkbook
B23: modClassifierValidate
B24: modfrmReestr
... B31: modList05

Sheet modClassifierValidate

Sheet modfrmReestr

Sheet modHyp

Sheet modList00

Sheet modList01

Sheet modList02

Sheet modList03

Sheet modList04

Sheet modList05
